 Dungeon Crawl Stone Soup version 0.17.0-23-g0de4337 (webtiles) character file.

111 septik the Ducker (level 4, -1/27 HPs)
             Began as a Gargoyle Gladiator on Nov 14, 2015.
             Slain by a scorpion (4 damage)
             ... on level 3 of the Dungeon.
             The game lasted 00:02:59 (1894 turns).

septik the Ducker (Gargoyle Gladiator)              Turns: 1894, Time: 00:02:59

Health: -1/27      AC: 11    Str: 19    XL:     4   Next: 92%
Magic:  4/4        EV: 11    Int:  8    God:
Gold:   127        SH:  0    Dex: 11    Spells: 0 memorised, 3 levels left

rFire  . . .     SeeInvis .     a - +0 quarterstaff
rCold  . . .     Clarity  .     l - +0 scale mail
rNeg   + . .     SustAt   .     (shield currently unavailable)
rPois  ∞         Gourm    .     c - +0 helmet
rElec  +         Spirit   .     (no cloak)
rCorr  .         Warding  .     (no gloves)
rMut   .         Stasis   .     (no boots)
MR     .....                    (no amulet)
Stlth  ..........               (no ring)
                                (no ring)

@: not resistant to hostile enchantments, extremely unstealthy
A: negative energy resistance 1, electricity resistance, unbreathing,
petrification resistance, rot immunity, AC +3
a: no special abilities


You were on level 3 of the Dungeon.
You were hungry.

You visited 1 branch of the dungeon, and saw 4 of its levels.

You collected 127 gold pieces.

Inventory:

Hand Weapons
 a - a +0 quarterstaff (weapon)
Missiles
 d - 3 throwing nets (quivered)
Armour
 b - a +0 leather armour
 c - a +0 helmet (worn)
 f - a +2 cloak
 l - a +0 scale mail (worn)
Scrolls
 h - 2 scrolls of teleportation {unknown}
 k - 2 scrolls of enchant armour {unknown}
 n - a scroll of identify {unknown}
 q - a scroll of remove curse {unknown}
Potions
 i - a potion of cancellation {unknown}
 j - a potion of might {unknown}
 m - a potion of haste {unknown}
 o - 2 potions of curing {unknown}
 p - 2 potions of heal wounds {unknown}
 r - a potion of berserk rage {unknown}
 s - a potion of flight {unknown}
Comestibles
 e - 3 bread rations
 g - 3 chunks of flesh


   Skills:
 + Level 2.9 Fighting
 + Level 3.3 Staves
 + Level 1.8 Throwing
 + Level 1.8 Armour
 + Level 3.5 Dodging
 + Level 0.5 Stealth


You had 3 spell levels left.
You didn't know any spells.

Dungeon Overview and Level Annotations

Branches:
Dungeon (4/15)
 Temple: D:4-7

Altars:
Makhleb

Annotations:
D:3 nht's ghost, amateur OgEn
D:4 Eustachio


Innate Abilities, Weirdness & Mutations

You are resistant to torment.
Your stone body is resilient (AC +3).
You are immune to poison.
You resist negative energy.
You are resistant to electric shocks.
You can survive without breathing.
You are immune to petrification.
You are immune to rotting.


Message History

You closely miss the scorpion.
The goblin shoots a stone.
The stone closely misses you.
The stone hits the scorpion.
The scorpion stings you.
* * * LOW HITPOINT WARNING * * *
You sock the scorpion!
The scorpion is severely wounded.
The goblin shoots a stone.
The stone closely misses you.
The stone misses the scorpion.
The stone closely misses the orc.
The scorpion stings you but does no damage.
The goblin shoots a stone.
The stone closely misses you.
The stone closely misses the scorpion.
The stone barely misses the orc.
You hit the scorpion.
The scorpion is severely wounded.
The scorpion stings you.
* * * LOW HITPOINT WARNING * * *
The goblin shoots a stone.
The stone hits you but does no damage.
You barely miss the scorpion.
The scorpion is severely wounded.
The scorpion stings you.
You die...

#..# #..# #..#
#..# #..# #..
#..# #.. #..# ##
#.. ##########).#
..#..
[..rg..@so.(#
.#..
....#######......
.g# .
###########.#
...(..).. ##
#######.# .#
##############.#
.#
........K.gK.g..
.#
######g######.#
.# #######.# #..


You could see a scorpion, an orc, a goblin and a rat.

Vanquished Creatures
  An adder (D:2)
  3 gnolls
  An ooze (D:1)
  A worm (D:3)
  A giant gecko (D:1)
  4 orcs (D:3)
  6 bats (D:1)
  A giant cockroach (D:3)
  10 hobgoblins
  7 jackals
  5 kobolds
  A quokka (D:2)
  A ball python (D:2)
  5 giant newts
  8 goblins
  7 rats
62 creatures vanquished.

Notes
Turn   | Place    | Note
--------------------------------------------------------------
     0 | D:1      | septik the Gargoyle Gladiator began the quest for the Orb.
     0 | D:1      | Reached XP level 1. HP: 12/12 MP: 1/1
   120 | D:1      | Reached XP level 2. HP: 15/17 MP: 2/2
   318 | D:1      | Reached XP level 3. HP: 14/22 MP: 3/3
   673 | D:1      | Reached XP level 4. HP: 27/27 MP: 4/4
  1180 | D:2      | Found a burning altar of Makhleb.
  1180 | D:2      | Noticed an Executioner
  1571 | D:2      | Reached skill level 1 in Armour
  1862 | D:3      | Noticed nht's ghost (amateur OgEn)
  1873 | D:4      | Noticed Eustachio
  1894 | D:3      | Slain by a scorpion

Action                   |  1- 3 |  4- 6 || total
-------------------------+-------+-------++-------
Melee: Quarterstaff      |   117 |   108 ||   225
  Eat: Chunk             |       |     3 ||     3
